 Dungeon Crawl Stone Soup version 0.16-a0-4072-gc5a8185 (webtiles) character file.

65 toofou the Slasher (level 3, 34/34 HPs)
             Began as a Minotaur Berserker on Feb 21, 2015.
             Was a Believer of Trog.
             Quit the game on level 2 of the Dungeon.
             The game lasted 00:11:15 (1632 turns).

toofou the Slasher (Minotaur Berserker)             Turns: 1632, Time: 00:11:15

Health: 34/34      AC:  5    Str: 22    XL:     3   Next: 92%
Magic:  2/2        EV: 11    Int:  4    God:    Trog [**....]
Gold:   106        SH:  0    Dex:  9    Spells: 0 memorised, 2 levels left

rFire  . . .     SeeInvis .     a - +0 falchion
rCold  . . .     Clarity  .     f - +0 ring mail
rNeg   . . .     SustAb   .     (no shield)
rPois  .         Gourm    .     (helmet restricted)
rElec  .         Spirit   .     (no cloak)
rCorr  .         Warding  .     (no gloves)
rMut   .         Rnd*Tele +     (no boots)
MR     .....                    (no amulet)
Stlth  ..........               (no ring)
                                l - ring of teleportation (curse)

@: not resistant to hostile enchantments, extremely unstealthy
A: retaliatory headbutt, horns 2
a: Burn Spellbooks, Berserk, Trog's Hand, Renounce Religion, Evoke Teleportation


You were on level 2 of the Dungeon.
You worshipped Trog.
Trog was pleased with you.
You were not hungry.

You visited 1 branch of the dungeon, and saw 2 of its levels.

You collected 106 gold pieces.

Inventory:

Hand weapons
 a - a +0 falchion (weapon)
Missiles
 d - 3 large rocks
 j - a stone (quivered)
Armour
 b - a +0 animal skin
 f - a +0 ring mail (worn)
Jewellery
 l - a cursed ring of teleportation (left hand)
Scrolls
 c - 3 scrolls of magic mapping {unknown}
 g - 2 scrolls of blinking {unknown}
 h - 2 scrolls of amnesia {unknown}
 i - 2 scrolls of teleportation {unknown}
 k - 2 scrolls of identify {unknown}
 m - a scroll of recharging {unknown}
Potions
 e - a potion of heal wounds {unknown}
 n - a potion of agility {unknown}
 o - a potion of poison {unknown}
Miscellaneous
 p - a plain deck of wonders {drawn: 1}


   Skills:
 + Level 4.3 Fighting
 + Level 4.6 Long Blades
 + Level 2.8 Armour
 + Level 2.8 Dodging
 + Level 0.1 Stealth


You had 2 spell levels left.
You didn't know any spells.

Dungeon Overview and Level Annotations

Branches:
Dungeon (2/15)

Altars:
Nemelex Xobeh


Innate Abilities, Weirdness & Mutations

You reflexively headbutt those who attack you in melee.
You have a pair of horns on your head.


Message History

There is a shaft here.
There is a shaft here.
There is a shaft here.
There are no items here.
Press: ? - help, v - describe, . - travel A shaft.
There is a shaft here.
You start waiting.
Done waiting.
Save game and exit?
Okay, then.
There is a shaft here.
Found 9 gold pieces.
Press: ? - help, . - travel You can't see that place.
Targeting interrupted by HUP signal.
Welcome back, toofou the Minotaur Berserker.
Trog says: Kill them all!
Press ? for a list of commands and other information.
Are you sure you want to abandon this character and quit the game? (Confirm with "yes".)

.#.# ##.# #.#.##.# ####.## .#.#
#..###.#.##.###.#...#####
.#.####.###....##.##.#........#
.#.##...............###...###.#
##.##.#.###.....##.## #....#
...##.#.####..._#...###..#.#
...................#.#.#.#.#
####..#.#####...#..#...#.#.#
#....# #..^@..#...#...# #.##.#
#.#.###.........# #.##.#
#.###............# #.# .# ##
#.###.##.##...# #.# #.#
#....>.......# #.# #$
#######..##### s... . #..# .#.
.. #..# #. .$..


There were no monsters in sight!

Vanquished Creatures
  3 adders (D:2)
  An ooze (D:1)
  A giant cockroach (D:1)
  5 hobgoblins (D:1)
  5 jackals (D:1)
  4 bats
  2 giant newts
  2 goblins
  6 kobolds (D:1)
  5 rats (D:1)
34 creatures vanquished.

Notes
Turn   | Place    | Note
--------------------------------------------------------------
     0 | D:1      | toofou, the Minotaur Berserker, began the quest for the Orb.
     0 | D:1      | Reached XP level 1. HP: 19/19 MP: 1/1
   280 | D:1      | Reached XP level 2. HP: 22/27 MP: 1/1
   319 | D:1      | Reached skill level 4 in Long Blades
   450 | D:1      | Acquired Trog's second power
  1057 | D:1      | Reached XP level 3. HP: 29/33 MP: 2/2
  1433 | D:2      | Found a sparkling altar of Nemelex Xobeh.
  1632 | D:2      | Quit the game

Action                   || total
-------------------------++-------
Melee: Falchion          ||    73
Evoke: Deck              ||     1
  Eat: Bread ration      ||     1
